 Dungeon Crawl Stone Soup version 0.20.1-1-g8b1a95d (webtiles) character file.

137 Peloso the Shield-Bearer (level 5, 36/36 HPs)
             Began as a Demonspawn Fighter on Aug 3, 2017.
             Quit the game on level 3 of the Dungeon.
             The game lasted 00:05:52 (2636 turns).

Peloso the Shield-Bearer (Demonspawn Fighter)       Turns: 2636, Time: 00:05:52

Health: 36/36      AC: 11    Str: 18    XL:     5   Next: 0%
Magic:  5/5        EV:  7    Int:  9    God:
Gold:   153        SH:  9    Dex: 12    Spells: 4/4 levels left

rFire    . . .     SeeInvis .   a - +0 long sword
rCold    . . .     Gourm    .   c - +0 shield
rNeg     . . .     Faith    .   b - +0 scale mail
rPois    .         Spirit   .   e - +0 helmet
rElec    .         Reflect  .   n - +0 cloak
rCorr    .         Harm     .   (no gloves)
MR       .....     Clarity  +   (no boots)
Stlth    +.........             (no amulet)
Regen    0.2/turn               k - ring of stealth
MPRegen  0.1/turn               (no ring)

@: drained
A: talons 1, yellow scales 1, clarity, frail 1, rot immunity
a: no special abilities


You were on level 3 of the Dungeon.
You were not hungry.

You visited 1 branch of the dungeon, and saw 3 of its levels.

You collected 153 gold pieces.

Inventory:

Hand Weapons
 a - a +0 long sword (weapon)
Armour
 b - a +0 scale mail (worn)
 c - a +0 shield (worn)
 e - a +0 helmet (worn)
 n - a +0 cloak (worn)
Jewellery
 k - a ring of stealth (left hand)
Wands
 l - a wand of lightning (1/15)
 t - a wand of confusion (26/48)
 u - a wand of confusion (12/48)
Scrolls
 h - a scroll of noise {unknown}
 i - 8 scrolls of identify {unknown}
 j - a scroll of enchant weapon {unknown}
 m - a scroll of amnesia {unknown}
 o - 2 scrolls of blinking {unknown}
 q - 2 scrolls of remove curse {unknown}
 r - a scroll of recharging {unknown}
 s - a scroll of teleportation {unknown}
Potions
 d - a potion of might
 p - a potion of brilliance {unknown}
 w - a potion of degeneration {unknown}
Comestibles
 f - 2 bread rations
 g - 2 meat rations
 v - a chunk of flesh


   Skills:
 + Level 3.4(3.3) Fighting
 + Level 2.9(2.7) Long Blades
 + Level 3.3(3.2) Armour
 + Level 1.0(0.8) Dodging
 + Level 3.5(3.4) Shields


You had 4 spell levels left.
You didn't know any spells.

Dungeon Overview and Level Annotations

Branches:
Dungeon (3/15)

Altars:


Innate Abilities, Weirdness & Mutations

You have sharp toenails.
You are partially covered in yellow scales. (AC +2)
You are immune to rotting.
You possess an exceptional clarity of mind.
You are frail. (-10% HP)


Message History

You see here a hobgoblin corpse.
An orc comes into view. It is wielding a club.
The orc shouts!
An orc is nearby!
The orc hits you but does no damage.
You closely miss the orc. You block the orc's attack.
You hit the orc.
The orc is lightly wounded.
The orc hits you but does no damage.
You closely miss the orc.
The orc is lightly wounded.
The orc hits you but does no damage.
You slash the orc!
You kill the orc!
You have reached level 5!
Your demonic ancestry asserts itself...
Your toenails lengthen and sharpen.
Quiver which item? (- for none, * to show all) (? for menu, Esc to quit)
Okay, then.
Are you sure you want to abandon this character and quit the game? (Confirm with "yes".)

###.# #.# #.###.#.#.# #.#
####### ###.###<# #.# #.#.#.#
#.# #...... ....#...# #.#
#.#.#.# #.###.##### #####.#.#
#.###.#.#.# #..†.(...## #.#.#
#.......#.#######....## #.#.#
#####.###..........#### #.#.#
#................##
#.#.#########################
#.#........)@................
#.###########################
#.# #####.# ......# #######


There were no monsters in sight!

Vanquished Creatures
  Crazy Yiuf (D:2)
  Robin (D:2)
  3 adders (D:3)
  A worm (D:3)
  3 dart slugs
  3 leopard geckos (D:2)
  2 orcs (D:3)
  A ball python (D:2)
  2 giant cockroaches
  16 goblins
  4 hobgoblins
  4 kobolds
  2 quokkas (D:3)
  6 bats
  4 frilled lizards
  7 rats
60 creatures vanquished.

Notes
Turn   | Place    | Note
-------+----------+-------------------------------------------
     0 | D:1      | Peloso the Demonspawn Fighter began the quest for the Orb.
     0 | D:1      | Reached XP level 1. HP: 18/18 MP: 1/1
   380 | D:1      | Gained mutation: You are partially covered in yellow scales. (AC +2) [demonic ancestry]
   380 | D:1      | Reached XP level 2. HP: 21/24 MP: 2/2
   857 | D:2      | Found a faded altar of an unknown god.
   947 | D:2      | Noticed Robin
   982 | D:2      | Gained mutation: You are immune to rotting. [demonic ancestry]
   982 | D:2      | Reached XP level 3. HP: 25/29 MP: 3/3
  1021 | D:2      | Gained mutation: You are frail. (-10% HP) [potion of mutation]
  1021 | D:2      | Gained mutation: You possess an exceptional clarity of mind. [potion of mutation]
  1025 | D:2      | Killed Robin
  1055 | D:2      | Found a runed door.
  1059 | D:2      | Noticed Crazy Yiuf
  1065 | D:2      | Killed Crazy Yiuf
  1065 | D:2      | Reached XP level 4. HP: 16/31 MP: 4/4
  2405 | D:3      | Reached skill level 1 in Dodging
  2635 | D:3      | Gained mutation: You have sharp toenails. [demonic ancestry]
  2635 | D:3      | Reached XP level 5. HP: 36/36 MP: 5/5
  2636 | D:3      | Quit the game

Skill      XL: |  1  2  3  4 |
---------------+-------------+-----
Shields        | 3 |  3.5
Long Blades    | 2 |  2.9
Armour         | 3 |  3.3
Dodging        | 1 |  1.0
Fighting       | |  3.4

Action                   |  1- 3 |  4- 6 || total
-------------------------+-------+-------++-------
Melee: Long sword        |    98 |   100 ||   198
  Use: Potion            |     2 |       ||     2
  Eat: Chunk             |     1 |     5 ||     6
Armor: Scale mail        |    41 |    52 ||    93
Dodge: Dodged            |    33 |    34 ||    67
Block: Shield            |    50 |    64 ||   114
       Rpst.: Long sword |    13 |     9 ||    22
